 Dungeon Crawl Stone Soup version 0.20-a0-969-g5a5da1e (webtiles) character file.

213 HAWKINGL3623 the Ruffian (level 5, 0/52 HPs)
             Began as a Troll Fighter on Nov 23, 2017.
             Was an Initiate of Qazlal.
             Slain by an ogre
             ... wielding a +0 giant club
              (29 damage)
             ... on level 5 of the Dungeon.
             The game lasted 00:10:33 (2337 turns).

HAWKINGL3623 the Ruffian (Troll Fighter)            Turns: 2337, Time: 00:10:33

Health: 0/52       AC:  5    Str: 24 (25) XL:     5   Next: 59%
Magic:  4/4        EV:  9    Int:  1 (4)  God:    Qazlal [......]
Gold:   239        SH:  9    Dex: 12 (13) Spells: 4/4 levels left

rFire    . . .     SeeInvis .     - Unarmed
rCold    . . .     Gourm    +   b - +0 shield
rNeg     . . .     Faith    .   a - +0 robe
rPois    .         Spirit   .   (helmet restricted)
rElec    .         Reflect  .   (no cloak)
rCorr    .         Harm     .   (gloves unavailable)
MR       .....                  (boots unavailable)
Stlth    +.........             (no amulet)
Regen    0.6/turn               e - +4 ring of dexterity
MPRegen  0.1/turn               (no ring)

@: no status effects
A: unfitting armour, claws 3, fast metabolism 3, gourmand, regeneration 1,
shaggy fur 1, tough skin 2
a: Renounce Religion


You were on level 5 of the Dungeon.
You worshipped Qazlal.
Qazlal was noncommittal.
You were near starving.

You visited 1 branch of the dungeon, and saw 5 of its levels.

You collected 239 gold pieces.

Inventory:

Hand Weapons
 k - a +1 dagger of electrocution
Missiles
 h - 8 tomahawks (quivered)
 l - 7 javelins
Armour
 a - a +0 robe (worn)
 b - a +0 shield (worn)
Jewellery
 e - a +4 ring of dexterity (left claw)
Wands
 j - a wand of iceblast (15/15)
Scrolls
 f - 4 scrolls of teleportation
 i - a scroll of remove curse
Potions
 c - a potion of might
Comestibles
 d - 5 bread rations
 g - a fruit
 m - a meat ration


   Skills:
 + Level 2.8 Fighting
 + Level 3.3 Dodging
 + Level 0.3 Stealth
 + Level 3.2 Shields
 + Level 4.0 Unarmed Combat


You had 4 spell levels left.
You didn't know any spells.

Dungeon Overview and Level Annotations

Branches:
Dungeon (5/15)
 Temple: D:4-7

Altars:
Ashenzari
Gozag
Hepliaklqana
Makhleb
Nemelex Xobeh
Qazlal
Ru
Trog
Zin


Innate Abilities, Weirdness & Mutations

You are too large for most types of armour.
You have claws for hands.
Your metabolism is lightning-fast.
You like to eat raw meat.
Your natural rate of healing is unusually fast.
You are covered in fur. (AC +1)
You have very tough skin. (AC +2)


Message History

The worker ant is almost dead.
The worker ant bites you but does no damage.
You closely miss the worker ant.
The worker ant is almost dead.
The worker ant bites you but does no damage.
You claw the worker ant!
You kill the worker ant!
Qazlal accepts your kill.
Your Unarmed Combat skill increases to level 4!
You now have 239 gold pieces (gained 16).
Found a stone staircase leading down.
m - a meat ration An ogre comes into view.
It is wielding a giant club.
The ogre shouts!
The ogre moves out of view.
The ogre hits you with a giant club!!
Your shield prevents you from hitting the ogre.
The ogre hits you with a giant club!!
Ouch! That really hurt!
You die...

##.## #.# #.# #.# #.#
#.# #.# #.# #.# #.#
#######.# #.#######
........# .......
........#########O..##
######..........@....#
##.#########...## ###
#.## .# #


You could see an ogre.

Vanquished Creatures
  A worker ant (D:5)
  Robin (D:2)
  7 gnolls (D:3)
  2 adders
  A shadow imp (D:3)
  A dart slug (D:1)
  3 leopard geckos
  4 orcs
  2 ball pythons
  2 giant cockroaches
  14 goblins
  3 hobgoblins
  5 jackals
  7 kobolds
  11 bats
  5 frilled lizards
  A jackal skeleton (D:4)
  A leopard gecko skeleton (D:4)
  10 rats
81 creatures vanquished.

Notes
Turn   | Place    | Note
-------+----------+-------------------------------------------
     0 | D:1      | HAWKINGL3623 the Troll Fighter began the quest for the Orb.
     0 | D:1      | Reached XP level 1. HP: 22/22 MP: 0/0
   136 | D:1      | Reached XP level 2. HP: 28/29 MP: 1/1
   780 | D:2      | Found a glowing silver altar of Zin.
   800 | D:2      | Reached XP level 3. HP: 36/36 MP: 2/2
   901 | D:2      | Noticed Robin
   923 | D:2      | Killed Robin
  1149 | D:2      | Reached XP level 4. HP: 43/44 MP: 3/3
  1233 | D:3      | Reached skill level 3 in Unarmed Combat
  1284 | D:3      | Found a stormy altar of Qazlal.
  1342 | D:3      | Found a shattered altar of Ashenzari.
  1399 | D:3      | Reached XP level 5. HP: 50/50 MP: 4/4
  1563 | D:3      | Found a sacrificial altar of Ru.
  1579 | D:3      | Found a burning altar of Makhleb.
  1580 | D:3      | Found an opulent altar of Gozag.
  1581 | D:3      | Found a sparkling altar of Nemelex Xobeh.
  1582 | D:3      | Found a bloodstained altar of Trog.
  1583 | D:3      | Found a stormy altar of Qazlal.
  1596 | D:3      | Became a worshipper of Qazlal Stormbringer
  1968 | D:4      | Found a hazy altar of Hepliaklqana.
  2284 | D:5      | Entered Level 5 of the Dungeon
  2299 | D:5      | Reached skill level 4 in Unarmed Combat
  2334 | D:5      | Noticed an ogre
  2337 | D:5      | Slain by an ogre

Vault maps used:
D:1:      minmay_arrival_four_houses
D:2:      zin_scriptorium, uniq_robin
D:3:      minitemple, ashenzari_altar_1, first_bread,
          nicolae_qazlal_general_emergency
D:4:      nicolae_overflow_crystal_walls
D:5:      serial_shops, shop, nicolae_shop_waterfront, shop

Skill      XL: |  1  2  3  4  5 |
---------------+----------------+-----
Dodging        | 3 |  3.3
Shields        | 3 |  3.2
Unarmed Combat | 3 4 |  4.0
Fighting       | |  2.8
Stealth        | |  0.3

Action                   |  1- 3 |  4- 6 || total
-------------------------+-------+-------++-------
Melee: Unarmed           |   101 |    87 ||   188
  Use: Scroll            |     5 |     3 ||     8
       Potion            |     4 |     1 ||     5
 Stab: Invisible         |     3 |       ||     3
  Eat: Chunk             |     7 |     8 ||    15
       Fruit             |     1 |     1 ||     2
Armor: Robe              |    44 |    23 ||    67
Dodge: Dodged            |    35 |    14 ||    49
Block: Shield            |    52 |    40 ||    92
